AoeStats
← WhyteKev

Black Forest

507362953Analyzed
2v2 RM · 16d ago on Sep 17, 2026· 58m 20s· 4 players
Game mode
Random Map
Map size
Medium (4 player)
Population
200
Speed
Normal
Resources
Standard
Victory
Conquest
Starting age
Dark Age
Ending age
Imperial Age
RankedLock teamsTeams togetherTeam positionsShared explorationLock speedFull tech treeHidden civsTurbo modeCheats
Victory
Defeat
🇺🇸 Italians · United States
1062
+11
🇺🇸 Bohemians · United States
1060
+11
🇦🇷 Poles · Argentina
987
-13
🇦🇷 Italians · Argentina
898
-9
[CHCINO]elboinaverde
10:42 Feudal Age
15:05 Castle Age
13:25 Double-Bit Axe
14:51 Loom
16:43 Bow Saw
16:55 Horse Collar
21:45 Heavy Plow
27:30 Imperial Age
25:38 Wheelbarrow
25:41 Bow Saw
26:27 Scale Barding Armor
26:33 Forging
27:08 Hand Cart
27:35 Chain Barding Armor
28:10 Light Cavalry
29:00 Bloodlines
29:28 Husbandry
30:04 Forging
31:38 Gold Mining
32:44 Iron Casting
32:32 Conscription
32:18 Fletching
33:25 Squires
33:06 Winged Hussar
35:15 Blast Furnace
34:15 Scale Mail Armor
38:29 Lechitic Legacy
39:22 Chemistry
38:03 Treadmill Crane
40:26 Stone Mining
41:28 Bodkin Arrow
41:57 Ballistics
42:38 Siege Engineers
45:01 Crop Rotation
45:39 Chain Mail Armor
45:24 Bracer
51:02 Elite Obuch
53:16 Plate Mail Armor
53:24 Stone Shaft Mining
[CHCINO]TheGuillo
1:14 Loom
13:24 Feudal Age
17:38 Castle Age
19:02 Double-Bit Axe
23:40 Wheelbarrow
24:11 Horse Collar
27:25 Fletching
27:46 Forging
27:37 Padded Archer Armor
27:39 Gold Mining
32:11 Imperial Age
29:55 Stone Mining
30:22 Scale Mail Armor
31:32 Iron Casting
31:40 Ballistics
31:18 Murder Holes
32:03 Masonry
32:08 Squires
34:29 Chemistry
34:32 Conscription
34:50 Fortified Wall
38:01 Thumb Ring
45:35 Arson
46:44 Elite Skirmisher
53:28 Bombard Tower
54:33 Pikeman
58:03 Blast Furnace
WhyteKev
0:35 Loom
13:01 Feudal Age
17:36 Castle Age
21:03 Double-Bit Axe
21:02 Horse Collar
24:12 Heavy Plow
27:59 Wheelbarrow
27:57 Gold Mining
32:13 Imperial Age
30:09 Hand Cart
30:24 Fortified Wall
30:44 Stone Mining
34:08 Chemistry
34:22 Conscription
34:22 Fletching
34:33 Padded Archer Armor
34:07 Elite Genoese Crossbowman
35:16 Ballistics
37:02 Bodkin Arrow
40:36 Forging
40:27 Bracer
43:21 Leather Archer Armor
43:42 Iron Casting
45:02 Ring Archer Armor
49:03 Light Cavalry
50:52 Squires
51:55 Blast Furnace
50:57 Scale Mail Armor
50:21 Hussar
51:14 Bloodlines
51:13 Caravan
51:53 Husbandry
57:19 Scale Barding Armor
JP
1:35 Loom
12:27 Feudal Age
16:33 Castle Age
15:53 Double-Bit Axe
16:32 Horse Collar
18:38 Heavy Plow
20:58 Fervor
23:07 Bow Saw
24:43 Wheelbarrow
26:17 Hand Cart
30:32 Imperial Age
30:21 Chemistry
29:32 Fortified Wall
30:46 Pikeman
31:26 Squires
31:52 Forging
31:42 Scale Mail Armor
31:44 Halberdier
33:26 Iron Casting
33:37 Chain Mail Armor
37:44 Plate Mail Armor
38:14 Blast Furnace
37:11 Fletching
39:48 Conscription
39:34 Wagenburg Tactics
39:57 Padded Archer Armor
42:12 Town Watch
42:43 Caravan
43:36 Leather Archer Armor
47:59 Siege Engineers
50:55 Houfnice
53:22 Bombard Tower
53:12 Masonry
52:42 Treadmill Crane
53:22 Masonry
53:45 Ring Archer Armor
58:18 Arson
Connection lost

Rejoining the realm…

Still unreachable

The connection could not be restored.

Session expired

The server has moved on; the page needs a fresh start.